AoeStats
← Yelcow

Black Forest

510181735Analyzed
2v2 RM · 1d ago on Sep 29, 2026· 75m 6s· 4 players
Game mode
Random Map
Map size
Medium (4 player)
Population
200
Speed
Normal
Resources
Standard
Victory
Conquest
Starting age
Dark Age
Ending age
Imperial Age
RankedLock teamsTeams togetherTeam positionsShared explorationLock speedFull tech treeHidden civsTurbo modeCheats
Victory
Defeat
🇮🇹 Ethiopians · Italy
1042
+16
🇮🇹 Celts · Italy
985
+18
🇪🇸 Inca · Spain
1035
-17
🇪🇸 Celts · Spain
1035
-17
RedDeath
9:55 Loom
11:41 Feudal Age
9:59 Loom
16:41 Castle Age
14:25 Horse Collar
14:33 Double-Bit Axe
18:56 Wheelbarrow
18:23 Heavy Plow
18:49 Bow Saw
25:36 Pikeman
27:04 Scale Barding Armor
27:10 Forging
30:49 Iron Casting
33:22 Chain Barding Armor
35:00 Hand Cart
40:11 Imperial Age
40:35 Stronghold
41:17 Furor Celtica
40:32 Heavy Scorpion
41:55 Ballistics
44:59 Siege Engineers
45:55 Chemistry
48:13 Onager
50:26 Fortified Wall
49:55 Halberdier
54:23 Siege Onager
56:52 Light Cavalry
63:41 Caravan
Yelcow
1:13 Loom
14:24 Feudal Age
14:50 Double-Bit Axe
18:21 Castle Age
19:48 Wheelbarrow
19:46 Bow Saw
42:32 Town Watch
44:20 Man-at-Arms
45:04 Squires
45:18 Forging
45:10 Scale Mail Armor
46:49 Horse Collar
47:05 Fletching
47:50 Iron Casting
50:49 Imperial Age
50:18 Chain Mail Armor
52:13 Torsion Engines
51:47 Halberdier
53:41 Chemistry
53:38 Hand Cart
53:20 Heavy Scorpion
55:51 Blast Furnace
56:00 Ballistics
57:37 Caravan
59:13 Hand Cart
64:18 Two-Man Saw
64:48 Plate Mail Armor
63:42 Onager
65:36 Heated Shot
65:57 Siege Engineers
66:04 Masonry
65:50 Murder Holes
66:05 Fortified Wall
65:46 Heavy Camel Rider
68:17 Husbandry
69:28 Coinage
70:05 Elite Shotel Warrior
71:06 Conscription
70:46 Royal Heirs
73:42 Siege Onager
Alexiz132
12:51 Feudal Age
11:07 Loom
11:09 Loom
13:37 Double-Bit Axe
17:02 Castle Age
17:02 Horse Collar
16:50 Champi Runner
20:11 Champi Warrior
21:35 Gold Mining
21:50 Squires
23:31 Wheelbarrow
23:49 Arson
28:05 Scale Mail Armor
34:23 Ballistics
33:45 Treadmill Crane
34:45 Gold Shaft Mining
37:40 Hand Cart
38:30 Thumb Ring
47:06 Imperial Age
47:14 Elite Champi Warrior
50:16 Chemistry
53:21 Conscription
54:48 Conscription
55:53 Andean Sling
55:53 Fabric Shields
57:30 Elite Kamayuk
60:53 Fletching
61:04 Padded Archer Armor
64:40 Bodkin Arrow
67:32 Bracer
67:48 Chain Mail Armor
67:44 Forging
67:49 Leather Archer Armor
davidrc1975
0:58 Loom
11:08 Feudal Age
12:17 Double-Bit Axe
17:26 Castle Age
17:00 Fletching
18:57 Bodkin Arrow
21:54 Horse Collar
27:19 Forging
27:10 Scale Mail Armor
28:37 Iron Casting
29:22 Heavy Plow
29:38 Gold Mining
29:38 Stone Mining
30:40 Bow Saw
31:30 Chain Mail Armor
30:37 Pikeman
35:09 Wheelbarrow
37:29 Hand Cart
39:45 Stronghold
41:04 Gold Shaft Mining
41:04 Stone Shaft Mining
44:29 Imperial Age
44:33 Elite Woad Raider
46:17 Blast Furnace
45:47 Plate Mail Armor
44:50 Halberdier
50:07 Onager
52:24 Siege Onager
57:56 Heavy Scorpion
59:11 Padded Archer Armor
Connection lost

Rejoining the realm…

Still unreachable

The connection could not be restored.

Session expired

The server has moved on; the page needs a fresh start.